 Dungeon Crawl Stone Soup version 0.31-a0-1616-gbeaec30b81 (webtiles) character file.

Game seed: 4887761788245158959

2106103 Salticid the Imperceptible (level 27, 291/291 HPs)
             Began as a Gnoll Fire Elementalist on Jan 7, 2024.
             Was the Champion of Vehumet.
             Escaped with the Orb
             ... and 4 runes on Jan 10, 2024!
             The game lasted 07:28:22 (84398 turns).

Salticid the Imperceptible (GnFE)                  Turns: 84398, Time: 07:28:23

Health: 291/291    AC: 33    Str:  9    XL:     27
Magic:  47/47      EV: 24    Int: 38    God:    Vehumet [******]
Gold:   6361       SH: 21    Dex: 17    Spells: 3/67 levels left

rFire   + . .        F - +9 eveningstar (spect)
rCold   + + .        z - +5 kite shield
rNeg    + . .        X - melded +5 steam dragon scales
rPois   ∞            r - +1 helmet of Wayssupn {Str+4 Dex+2}
rElec   +            a - scarf {rC+ rF+}
rCorr   .            Y - melded +2 pair of gloves {hurl}
SInv    .            A - melded +2 pair of boots
Will    +++..        v - amulet of Gudgheh {RegenMP rC+ Will+}
Stlth   +++          M - +6 ring of intelligence
HPRegen 0.68/turn    J - ring of wizardry
MPRegen 0.70/turn

%: wizardry (x1)
@: statue-form, studying 2 skills, very slow
A: slow and powerful, torment resistance 1, boosted hp, fangs 1, strong nose,
distributed training, clever 1, weak 1, inability to drink after injury 1,
sturdy frame 1
0: Orb of Zot
}: 4/15 runes: decaying, slimy, silver, gossamer
a: Begin Untransformation, Renounce Religion


You escaped.
You worshipped Vehumet.
Vehumet was exalted by your worship.
You were a living statue of rough stone.
You visited 11 branches of the dungeon, and saw 55 of its levels.
You visited the Abyss 1 time.
You also visited: Sewer.

You collected 8754 gold pieces.
You spent 2393 gold pieces at shops.

Inventory:

Hand Weapons
 w - a +5 hand cannon of freezing
 F - a +9 spectral eveningstar (weapon)
Missiles
 O - 8 curare-tipped darts
Armour
 a - a scarf of resistance (worn)
 r - the +1 helmet of Wayssupn (worn) {Str+4 Dex+2}
   (You found it on level 2 of the Dungeon)

   Str+4:     It affects your strength (+4).
   Dex+2:     It affects your dexterity (+2).
 z - a +5 kite shield (worn)
 A - a +2 pair of boots (melded)
 N - the +2 robe of Rakenyog {Will++ Regen+ MP-9 Archmagi}
   (You found it on level 3 of the Vaults)

   Will++:    It greatly increases your willpower.
   MP-9:      It affects your magic capacity (-9).
   Regen+:    It increases your rate of health regeneration.
   Archmagi:  It increases the power of your magical spells.
 X - +5 steam dragon scales (melded)
 Y - a +2 pair of gloves of hurling (melded)
Magical Staves
 Z - the staff of Puhunea {*Corrode rElec rC+ rN++ MP+9 Air}
   (You found it on level 4 of the Depths)

   [staff of air]

   Base accuracy: +5 Base damage: 5 Base attack delay: 1.2 This weapon's minimum
   attack delay (0.6) is reached at skill level 12.
   rC+:       It protects you from cold.
   rElec:     It insulates you from electricity.
   rN++:      It greatly protects you from negative energy.
   MP+9:      It affects your magic capacity (+9).
   *Corrode:  It may corrode you when you take damage.
   Air:       It increases the power of your Air spells.
   It falls into the 'Staves' category.
   It is a one-handed weapon.
Jewellery
 v - the amulet of Gudgheh (around neck) {RegenMP rC+ Will+}
   (You bought it in a shop on level 5 of the Vaults)

   [amulet of magic regeneration]

   RegenMP:   It increases your rate of magic regeneration.
   rC+:       It protects you from cold.
   Will+:     It increases your willpower.
 H - the ring "Rocias" {rF- rC+++ Str-5 Int+6 Dex+4}
   (You took it off a spriggan berserker on level 3 of the Depths)

   [ring of intelligence]

   Str-5:     It affects your strength (-5).
   Int+6:     It affects your intelligence (+6).
   Dex+4:     It affects your dexterity (+4).
   rF-:       It makes you vulnerable to fire.
   rC+++:     It renders you almost immune to cold.
 J - a ring of wizardry (right fist)
 M - a +6 ring of intelligence (left fist)
 S - the ring "Ejibaz" {rPois rC- Str+6 Dex+2 Slay+5}
   (You found it on level 1 of the Spider Nest)

   [ring of strength]

   Str+6:     It affects your strength (+6).
   Dex+2:     It affects your dexterity (+2).
   Slay+5:    It affects your accuracy & damage with ranged weapons and melee
   (+5).
   rC-:       It makes you vulnerable to cold.
   rPois:     It protects you from poison
 T - the ring "Covvea" {Ice Will+ Int+2}
   (You found it on level 5 of the Vaults)

   [ring of ice]

   Ice:       It enhances your ice magic.
   Int+2:     It affects your intelligence (+2).
   rF-:       It makes you vulnerable to fire.
   rC+:       It protects you from cold.
   Will+:     It increases your willpower.
Talismans
 U - the granite talisman "Kuskoev" (active) {Dex+3}
   (You found it on level 4 of the Depths)

   [granite talisman]

   Dex+3:     It affects your dexterity (+3).
Wands
 m - a wand of digging (14)
 C - a wand of paralysis (43)
 K - a wand of acid (23)
 R - a wand of iceblast (35)
Scrolls
 f - 16 scrolls of teleportation
 h - 5 scrolls of summoning
 o - 8 scrolls of vulnerability
 p - 9 scrolls of fog
 u - 10 scrolls of fear
 y - 9 scrolls of poison
 D - 6 scrolls of revelation
 G - 9 scrolls of immolation
 P - 7 scrolls of blinking
 V - 2 scrolls of silence
Potions
 b - 5 potions of magic
 c - 8 potions of cancellation
 d - 6 potions of berserk rage
 g - 21 potions of curing
 i - 9 potions of brilliance
 j - 18 potions of heal wounds
 k - 15 potions of might
 n - 6 potions of invisibility
 q - 4 potions of ambrosia
 s - 8 potions of haste
 t - 12 potions of enlightenment
 B - 7 potions of lignification
 I - 4 potions of resistance
 L - 10 potions of mutation
Miscellaneous
 e - a sack of spiders
 x - a phial of floods
 E - a lightning rod (4/4)
 Q - a phantom mirror


   Skills:
 + Level 20.0 Fighting
 + Level 20.0 Short Blades
 + Level 20.0 Long Blades
 + Level 20.0 Axes
 + Level 20.0 Maces & Flails
 + Level 20.0 Polearms
 + Level 20.0 Staves
 + Level 20.0 Ranged Weapons
 + Level 20.0 Throwing
 + Level 20.0 Armour
 + Level 20.4 Dodging
 + Level 22.4 Stealth
 + Level 20.0 Shields
 + Level 20.0 Unarmed Combat
 + Level 20.5 Spellcasting
 + Level 17.2 Conjurations
 + Level 17.1 Hexes
 + Level 17.1 Summonings
 + Level 17.1 Necromancy
 + Level 17.1 Translocations
 + Level 21.6 Fire Magic
 + Level 17.1 Ice Magic
 + Level 17.1 Air Magic
 + Level 17.1 Earth Magic
 + Level 17.1 Alchemy
 + Level 21.6 Invocations
 + Level 20.0 Evocations
 + Level 18.5 Shapeshifting


You had 3 spell levels left.
You knew the following spells:

 Your Spells              Type           Power      Damage    Failure   Level
a - Foxfire               Conj/Fire      100%       2x1d9     0%          1
b - Polar Vortex          Ice            53%        12d7*     10%         9
c - Ignition              Fire           58%        3d16      1%          8
d - Maxwell's Capacitive  Air            53%        ∞         1%          8
e - Yara's Violent Unrav  Hex/Alch       53%        3d20      0%          5
g - Plasma Beam           Fire/Air       56%        2x1d71    1%          6
h - Sublimation of Blood  Necr           100%       N/A       0%          2
j - Irradiate             Conj/Alch      53%        3d29      0%          5
k - Manifold Assault      Tloc           100%       N/A       0%          4
l - Spellforged Servitor  Conj/Summ      53%        N/A       1%          7
m - Chain Lightning       Conj/Air       53%        3d70      10%         9

Your spell library contained the following spells:

 Spells                   Type           Power      Damage    Failure   Level
 Shatter                  Erth           53%        3d40*     10%         9
 Freeze                   Ice            100%       1d10      0%          1
 Kiss of Death            Conj/Necr      100%       2d13      0%          1
 Necrotise                Necr           100%       1d9       0%          1
 Shock                    Conj/Air       100%       1d9       0%          1
 Sting                    Conj/Alch      100%       1d9       0%          1
 Summon Small Mammal      Summ           100%       N/A       0%          1
 Call Imp                 Summ           100%       N/A       0%          2
 Cigotuvi's Dreadful Rot  Necr/Alch/Air  100%       N/A       0%          2
 Ensorcelled Hibernation  Hex/Ice        100%       N/A       0%          2
 Jinxbite                 Hex            100%       N/A       0%          2
 Mercury Vapours          Alch/Air       100%       N/A       0%          2
 Scorch                   Fire           100%       2d9       0%          2
 Static Discharge         Conj/Air       100%       3-8/arc   0%          2
 Call Canine Familiar     Summ           100%       N/A       0%          3
 Dazzling Flash           Conj/Hex       100%       N/A       0%          3
 Frozen Ramparts          Ice            100%       1d16      0%          3
 Fugue of the Fallen      Necr           100%       N/A       0%          3
 Hailstorm                Conj/Ice       100%       3d16      0%          3
 Inner Flame              Hex/Fire       100%       N/A       0%          3
 Mephitic Cloud           Conj/Alch/Air  100%       N/A       0%          3
 Ozocubu's Armour         Ice            100%       N/A       0%          3
 Passwall                 Erth           100%       N/A       0%          3
 Sigil of Binding         Hex            100%       N/A       0%          3
 Summon Ice Beast         Ice/Summ       100%       N/A       0%          3
 Swiftness                Air            100%       N/A       0%          3
 Tukima's Dance           Hex            100%       N/A       0%          3
 Vampiric Draining        Necr           100%       2d13      0%          3
 Volatile Blastmotes      Fire/Tloc      100%       2d18      0%          3
 Animate Dead             Necr           100%       N/A       0%          4
 Brom's Barrelling Bould  Conj/Erth      100%       2d11      0%          4
 Cause Fear               Hex            53%        N/A       0%          4
 Dimensional Bullseye     Hex/Tloc       53%        N/A       0%          4
 Dispel Undead            Necr           100%       3d31      0%          4
 Flame Wave               Conj/Fire      100%       2d21      0%          4
 Ignite Poison            Fire/Alch      100%       N/A       0%          4
 Iskenderun's Mystic Bla  Conj/Tloc      100%       2d19      0%          4
 Leda's Liquefaction      Alch/Erth      53%        N/A       0%          4
 Martyr's Knell           Necr/Summ      100%       N/A       0%          4
 Olgreb's Toxic Radiance  Alch           100%       N/A       0%          4
 Passage of Golubria      Tloc           100%       N/A       0%          4
 Petrify                  Alch/Erth      100%       N/A       0%          4
 Sticky Flame             Fire/Alch      100%       2d15      0%          4
 Summon Blazeheart Golem  Fire/Summ      100%       N/A       0%          4
 Summon Lightning Spire   Summ/Air       100%       N/A       0%          4
 Vhi's Electric Charge    Tloc/Air       100%       N/A       0%          4
 Arcjolt                  Conj/Air       53%        1d63      0%          5
 Fireball                 Conj/Fire      56%        3d22      0%          5
 Freezing Cloud           Conj/Ice/Air   53%        6-21      0%          5
 Iskenderun's Battlesphe  Conj           100%       2d15      0%          5
 Borgnjor's Vile Clutch   Necr/Erth      53%        N/A       1%          5
 Curse of Agony           Necr           100%       N/A       1%          5
 Metabolic Englaciation   Hex/Ice        53%        N/A       1%          5
 Silence                  Hex/Air        53%        N/A       1%          5
 Summon Forest            Summ/Tloc      53%        N/A       1%          5
 Summon Mana Viper        Hex/Summ       100%       N/A       1%          5
 Bombard                  Conj/Erth      53%        9d9       1%          6
 Conjure Ball Lightning   Conj/Air       53%        3x3d18    1%          6
 Death Channel            Necr           53%        N/A       1%          6
 Dispersal                Tloc           53%        N/A       1%          6
 Sculpt Simulacrum        Ice/Alch       53%        N/A       1%          6
 Starburst                Conj/Fire      56%        6d15      1%          6
 Summon Cactus Giant      Summ           53%        N/A       1%          6
 Enfeeble                 Hex            53%        N/A       1%          7
 Monstrous Menagerie      Summ           53%        N/A       1%          7
 Orb of Destruction       Conj           53%        9d13      1%          7
 Ozocubu's Refrigeration  Ice            53%        4d19      1%          7
 Summon Hydra             Summ           53%        N/A       1%          7
 Lehudib's Crystal Spear  Conj/Erth      53%        10d12     1%          8
 Borgnjor's Revivificati  Necr           53%        N/A       2%          8
 Discord                  Hex            53%        N/A       2%          8
 Disjunction              Tloc           53%        N/A       2%          8
 Infestation              Necr           53%        N/A       2%          8
 Summon Horrible Things   Summ           53%        N/A       2%          8
 Dragon's Call            Summ           53%        N/A       36%         9


Dungeon Overview and Level Annotations

Branches:
Dungeon (15/15)            Temple (0/1) D:6            Lair (5/5) D:8
  Swamp (4/4) Lair:3       Spider (4/4) Lair:3        Slime (5/5) Lair:4
    Orc (2/2) D:10            Elf (3/3) Orc:2        Vaults (5/5) D:14
  Crypt (3/3) Vaults:2       Tomb (0/3) Crypt:3      Depths (4/4) D:15
    Zot (5/5) Depths:4      Sewer (visited)

Altars:
Ashenzari
Dithmenos
Elyvilon
Gozag
Kikubaaqudgha
Makhleb
Nemelex Xobeh
Ru
Sif Muna
Trog
Vehumet
Wu Jian
Xom
Zin

Shops:
D:3 ?*   D:6 *   D:11 !   Orc:2 !=([   Elf:1 **   Vaults:3 :[=([   Vaults:4 *
Vaults:5 ==:!   Depths:3 ([

Portals:
Hell: Depths:1 Depths:2 Depths:3 Depths:4
Abyss: Depths:1 Depths:3
Pandemonium: Depths:2 Depths:3
Ziggurat: Depths:2

Annotations:
D:3 Grinder, Sigmund


Innate Abilities, Weirdness & Mutations

You are a living statue of rough stone.
Your actions are slow, but your melee attacks are powerful.
You are resistant to unholy torment.
Your maximum health is greatly increased.
Your equipment is partially melded.
You are immune to poison.
You have very sharp teeth.
Your uncanny sense of smell can sniff out nearby items.
Your experience applies equally to all skills.
Your mind is acute. (Int +4, Str/Dex -1)
You are weak. (Str -2)
You occasionally lose the ability to drink potions when taking damage.
Your movements are slightly less encumbered by armour. (ER -2)


Message History

Unknown command.
An Orb Guardian comes into view.
You block the sixfirhy's attack. x2
Unknown command.
You pound the sixfirhy like an anvil!!!
You kill the sixfirhy!
Vehumet accepts your kill.
You sock the Orb Guardian! Your bite misses the Orb Guardian.
The Orb Guardian is lightly wounded.
Your +9 spectral eveningstar hits the Orb Guardian!
You block the Orb Guardian's attack. x2
You hit the Orb Guardian but do no damage.
The Orb Guardian is moderately wounded.
Your +9 spectral eveningstar hits the Orb Guardian.
The Orb Guardian hits you but does no damage.
You barely miss the Orb Guardian.
You bite the Orb Guardian, but do no damage.
The Orb Guardian is moderately wounded.
Your +9 spectral eveningstar hits the Orb Guardian!!
The Orb Guardian hits you but does no damage.
You block the Orb Guardian's attack.
You impale the Orb Guardian!!
The Orb Guardian is severely wounded.
Your +9 spectral eveningstar hits the Orb Guardian!!
You kill the Orb Guardian!
Vehumet accepts your kill.
You swap places.
Your +9 spectral eveningstar disappears.
A shadow demon comes into view.
The bolt of lightning hits the shadow demon!!
The shadow demon is heavily wounded.
The fiery plasma hits the shadow demon!!!
You kill the shadow demon!
Vehumet accepts your kill.
You feel your power returning.
Search for what [Enter for "dun", or ? for help]? out of the Can't find anything matching that.
Search for what [Enter for "out of the ", or ? for help]? staircase
There is a staircase leading out of the dungeon here.
You have escaped!

###.....#...#...#.......# #.
#....#...#..#..#...#....# #.
#.....#..#..#..#..#.....# #.
#......#..#.#.#..#......####.
#...#...#.#.#.#.#...#........
#....##..#.#.#.#..##.........
#......##.#...#.##......###..
##........#.....#........###.#
#)..######...8...######..†...#
#.........#.....#........#####
#.#.....##.#...#.##......#
#.#)..##..#.#.#.#..##...##
#....#...#.#.#.#.#...#..#
#.......#..#.#.#..#.....## ##
####......#..#..#..#..#.....#
#.
..##.#...#...#..#..#...#....#
#.
#...........#...#...#.....#.#
#.


There were no monsters in sight!

Vanquished Creatures
  the Royal Jelly (Slime:5)
  4 dread liches
  3 orbs of fire (Zot:5)
  2 ancient liches
  A juggernaut (Depths:3)
  Xtahua (Vaults:5)
  2 royal mummies (Depths:2)
  12 Killer Klowns
  Parghit (Zot:4)
  A curse toe (Zot:1)
  3 caustic shrikes
  3 pandemonium lords
  Saint Roka (Orc:2)
  Jory (Crypt:3)
  Norris (Vaults:1)
  11 golden dragons
  A bone dragon (Crypt:2)
  5 electric golems
  11 tentacled monstrosities
  A Hell Sentinel (D:1)
  2 liches
  29 Orb Guardians
  A walking crystal tome (Depths:3)
  A walking frostbound tome (Depths:3)
  12 acid blobs
  A deep elf master archer (Elf:3)
  6 titans
  3 quicksilver dragons
  5 deep elf blademasters
  4 ancient champions
  3 sphinxes
  3 Executioners
  8 death cobs
  2 thorn hunters (Swamp:4)
  The ghost of Muadi the Eclecticist, an adept DsNe of Gozag (Elf:1)
  11 storm dragons
  3 tengu reavers
  5 shadow dragons
  2 protean progenitors (Zot:2)
  5 frost giants
  5 draconian knights
  4 draconian monks
  11 rockslimes
  A demonspawn warmonger (Zot:5)
  A revenant (Crypt:3)
  9 fire giants
  7 azure jellies
  11 deep elf sorcerers
  2 iron dragons
  3 fenstrider witches (Swamp:4)
  3 draconian shifters
  A balrug (Abyss:3)
  2 caustic shrike zombies (Crypt:3)
  11 emperor scorpions
  2 curse skulls (Crypt:3)
  6 ghost moths
  4 deep elf elementalists
  5 draconian scorchers
  5 ghouls
  3 angels
  10 vault wardens
  3 draconian stormcallers (Zot:4)
  4 orc warlords
  3 cacodemons
  7 formless jellyfish
  2 juggernaut skeletons (Crypt:2)
  A spriggan defender (Depths:4)
  10 stone giants
  4 draconian annihilators
  15 ironbound preservers
  A demonspawn corrupter (Zot:5)
  8 ironbound thunderhulks
  14 very ugly things
  13 quicksilver oozes
  3 broodmothers
  2 caustic shrike skeletons (Crypt:2)
  6 eleionomae
  12 black draconians
  12 deep elf death magi
  7 yellow draconians
  12 vampire knights
  9 green draconians
  7 spark wasps
  10 deep elf demonologists
  A demonspawn black sun (Zot:5)
  4 purple draconians
  12 deep elf annihilators
  4 war gargoyles
  3 bunyips
  4 red draconians (Zot:4)
  A lorocyproca (Zot:5)
  Azrael (Spider:3)
  5 white draconians
  3 blizzard demons
  A green death (Swamp:4)
  11 fire dragons
  4 eidola
  8 ettins
  12 jiangshi
  A crystal guardian (Vaults:1)
  3 deep elf high priests (Elf:3)
  8 yaktaur captains
  A mummy priest (Depths:2)
  A shambling mangrove (Swamp:4)
  Josephine (Lair:5)
  5 entropy weavers
  2 spriggan zombies (Crypt:2)
  29 vault guards
  4 ice dragons
  A quicksilver dragon skeleton (Crypt:2)
  11 hydras
  16 great orbs of eyes
  5 rakshasas
  3 ogre magi
  2 radroaches
  4 spriggan air magi
  3 catoblepae
  8 ironbound frosthearts
  3 peacekeepers
  5 spriggan skeletons
  A fenstrider witch skeleton (Crypt:2)
  15 centaur warriors
  A death knight (D:14)
  5 alligators
  2 jorogumos
  20 dancing weapons
  11 boulder beetles
  8 two-headed ogres
  18 death yaks (Lair:5)
  4 deep troll shamans
  2 orc high priests
  3 tengu warriors
  4 hell hogs (Abyss:3)
  9 demonic crawlers
  6 thrashing horrors (Abyss:3)
  7 hell knights
  15 vampire magi
  A shock serpent (shapeshifter) (Vaults:5)
  7 spriggan berserkers
  4 occultists
  10 deep troll earth magi
  2 storm dragon zombies (Crypt:3)
  4 sun demons
  14 deep elf knights
  5 soul eaters
  3 wretched stars (Abyss:3)
  A skyshark (shapeshifter) (Vaults:5)
  A titan skeleton (Crypt:2)
  5 golden dragon zombies (Crypt:3)
  A shadow wraith (Vaults:5)
  6 sixfirhies
  2 bunyip zombies (Crypt:2)
  An iron giant zombie (Crypt:3)
  6 skysharks
  8 iron trolls
  A shining eye (shapeshifter) (Depths:1)
  A spark wasp zombie (Crypt:3)
  2 deep trolls (shapeshifter)
  A death drake (Swamp:1)
  31 skeletal warriors
  4 goliath frogs
  3 shadow demons
  A ghost moth zombie (Crypt:1)
  A storm dragon skeleton (Crypt:2)
  10 spriggan druids
  A swamp dragon (Swamp:2)
  7 glowing orange brains
  8 pharaoh ants
  10 orb spiders
  2 flayed ghosts (Crypt:2)
  A broodmother zombie (Crypt:2)
  7 bog bodies
  45 deep trolls
  10 arcanists
  10 deep elf archers
  An iron giant skeleton (Crypt:2)
  10 orc knights
  13 ironbound convokers
  7 lindwurms
  9 steelbarb worms
  3 harpies (Vaults:1)
  13 phantasmal warriors
  29 deep elf pyromancers
  22 deep elf zephyrmancers
  An obsidian statue (Elf:1)
  A lightning spire (Zot:3)
  A jorogumo zombie (Crypt:2)
  34 ugly things
  6 necromancers
  8 orc sorcerers
  A faun (shapeshifter) (Vaults:5)
  An eleionoma zombie (Crypt:3)
  6 shining eyes
  8 large abominations
  4 manticores
  A cyclops (shapeshifter) (Vaults:3)
  5 cyclopes
  2 stone giant zombies (Crypt:3)
  20 wolf spiders
  A frost giant skeleton (Crypt:1)
  A worldbinder (Abyss:3)
  A fire giant zombie (Crypt:2)
  6 will-o-the-wisps
  21 moths of wrath
  2 dire elephant zombies
  6 meliai
  3 elephants (Lair:5)
  A nameless horror (Lair:2)
  A torpor snail (shapeshifter) (Depths:4)
  A goliath frog skeleton (Crypt:1)
  2 eyes of devastation
  4 kobold blastminers (Orc:2)
  A guardian serpent (shapeshifter) (Depths:1)
  5 centaur skeletons
  5 torpor snails
  9 black mambas
  4 smoke demons
  14 vault sentinels
  An eye of devastation (shapeshifter) (Vaults:5)
  7 cane toads
  A rust devil (D:13)
  3 dire elephant skeletons
  2 orange demons
  A gargoyle (D:10)
  An unseen horror (shapeshifter) (Vaults:5)
  A yellow draconian zombie (Crypt:3)
  An alligator snapping turtle zombie (Crypt:3)
  10 komodo dragons
  A naga skeleton (Crypt:2)
  Maggie (Lair:2)
  An efreet (D:9)
  29 yaktaurs
  3 rime drakes
  2 kobold demonologists
  2 tormentors
  An alligator snapping turtle skeleton (Crypt:2)
  A hellion (Depths:3)
  6 freezing wraiths
  5 starcursed masses (Abyss:3)
  8 tengu conjurers
  An iron giant simulacrum (Abyss:3)
  7 trolls
  An ancient zyme (Abyss:3)
  3 ice devils
  2 tyrant leeches (Swamp:3)
  3 harpy zombies (Crypt:3)
  5 hellwings
  2 polar bears
  A merfolk (shapeshifter) (Depths:4)
  A polar bear (shapeshifter) (D:9)
  4 raiju
  2 bloated husks
  A culicivora zombie (Crypt:3)
  4 glass eyes
  3 harpy skeletons (Crypt:2)
  26 tarantellas
  Prince Ribbit (D:5)
  A hydra skeleton (Crypt:2)
  19 hornets
  A dream sheep (shapeshifter) (Elf:3)
  2 dream sheep (Lair:5)
  20 jumping spiders
  10 blink frogs
  2 ettin skeletons (Crypt:2)
  21 spriggans
  A culicivora (shapeshifter) (Vaults:5)
  26 culicivoras
  7 wraiths
  89 slime creatures
  6 water elementals
  An air elemental (Elf:2)
  17 vampires
  An ice dragon skeleton (Crypt:2)
  A black mamba skeleton (Crypt:2)
  30 yaks
  18 golden eyes
  5 wyverns
  Grum (D:8)
  2 basilisks (Lair:5)
  A neqoxec (Abyss:3)
  A warg (shapeshifter) (D:13)
  7 wargs
  6 vampire mosquitoes
  56 redbacks
  18 swamp worms
  4 fire elementals
  4 chaos spawn
  3 acid dragons (D:11)
  6 hell hounds
  13 water moccasins
  A black bear (shapeshifter) (D:13)
  A glowing shapeshifter skeleton (Crypt:3)
  A lindwurm zombie (Crypt:3)
  A two-headed ogre skeleton (Crypt:2)
  An ice beast (D:8)
  44 orc warriors
  A black bear (Lair:4)
  26 laughing skulls
  3 swamp drakes
  2 sky beasts
  6 boggarts
  5 centaurs
  A tengu (shapeshifter) (D:14)
  13 ogres
  A crocodile (Sewer)
  19 wolves
  3 phantoms
  2 kobold brigands
  2 elf zombies (Elf:1)
  12 bullfrogs
  A scorpion (shapeshifter) (D:13)
  A gnoll sergeant (D:10)
  A scorpion (Lair:3)
  A small abomination (Abyss:3)
  3 necrophages (Crypt:3)
  5 wights (D:8)
  3 killer bees (D:9)
  4 howler monkeys
  2 electric eels
  6 jellies
  29 orc priests
  A bombardier beetle (D:7)
  6 hounds
  A black bear skeleton (Crypt:2)
  An iron imp (Abyss:3)
  2 gnoll boudas
  5 iguanas
  A sleepcap (D:6)
  32 orc wizards
  2 hell rats (Lair:1)
  A hound skeleton (Crypt:1)
  11 gnolls
  9 adders
  11 river rats
  A steam dragon zombie (Crypt:1)
  2 shadow imps
  A white imp (D:6)
  5 ufetubi
  A dart slug (D:2)
  3 ribbon worms
  123 orcs
  3 ball pythons
  8 endoplasms
  5 giant cockroaches
  A goblin (D:4)
  7 hobgoblins
  9 jackals
  11 quokkas
  A ball python skeleton (Crypt:3)
  2 bats
  6 frilled lizards
  23 kobolds
  20 rats
  2 boulders
  18 butterflies
  3 spectral weapons (Zot:5)
2390 creatures vanquished.

Vanquished Creatures (collateral kills)
  A dread lich (Zot:5)
  2 ancient liches
  A royal mummy (Depths:2)
  A curse toe (Zot:4)
  2 caustic shrikes (Depths:4)
  A walking earthen tome (Depths:3)
  5 Orb Guardians (Zot:5)
  A sphinx (Depths:4)
  An ancient champion (Crypt:1)
  2 quicksilver dragons
  An acid blob (Slime:5)
  3 shadow dragons (Vaults:5)
  A tengu reaver (Depths:2)
  A storm dragon (Zot:4)
  Roxanne (D:14)
  Donald (Crypt:1)
  A draconian monk (Zot:2)
  3 fire giants
  A revenant (Crypt:2)
  3 rockslimes (Slime:5)
  3 vault wardens (Vaults:5)
  2 draconian shifters
  An iron dragon (Vaults:5)
  A draconian annihilator (Zot:5)
  A reaper (Crypt:2)
  3 ironbound preservers (Vaults:5)
  2 angels (Zot:1)
  A quicksilver ooze (Slime:2)
  A formless jellyfish (Slime:1)
  6 very ugly things
  4 stone giants
  2 green draconians (Zot:5)
  A red draconian (Zot:5)
  A yellow draconian (Zot:2)
  Snorg (Lair:4)
  3 ettins
  3 fire dragons
  A yaktaur captain (Vaults:5)
  4 jiangshi
  2 great orbs of eyes
  A mummy priest (Depths:2)
  5 ice dragons
  A vault guard (Vaults:5)
  2 hydras
  A spriggan air mage (Depths:3)
  A catoblepas (Lair:5)
  3 death knights
  2 boulder beetles
  4 tengu warriors
  A deep troll earth mage (Depths:3)
  2 vampire magi
  5 hell knights (Depths:2)
  A spriggan (Depths:3)
  A skyshark (Lair:2)
  6 skeletal warriors
  A deep troll (Depths:3)
  3 iron trolls
  A pharaoh ant (Lair:3)
  A glowing orange brain (Depths:4)
  A bog body (Lair:3)
  5 phantasmal warriors
  2 ironbound convokers (Vaults:5)
  3 necromancers
  A shining eye (Slime:5)
  An ugly thing (Depths:2)
  A manticore (Lair:5)
  2 elephants (Lair:5)
  A centaur zombie (Crypt:3)
  2 eyes of devastation (Slime:5)
  3 vault sentinels (Vaults:5)
  4 cane toads
  A dire elephant skeleton (Crypt:2)
  A centaur skeleton (D:14)
  An orange demon (Zot:5)
  3 komodo dragons
  A freezing wraith (Crypt:2)
  A bunyip simulacrum (Crypt:3)
  A tengu conjurer (Depths:1)
  A rime drake (Lair:2)
  A polar bear (Lair:2)
  A merfolk (shapeshifter) (Vaults:5)
  8 dream sheep (Lair:5)
  2 hornets
  3 blink frogs
  A harpy skeleton (Crypt:3)
  7 slime creatures (Slime:5)
  A black mamba zombie (Crypt:2)
  A wraith (Lair:5)
  12 yaks
  A wyvern (Lair:5)
  A basilisk (shapeshifter) (D:9)
  2 basilisks
  A water nymph zombie (Crypt:2)
  5 water moccasins
  2 dream sheep zombies
  An orc warrior (Vaults:5)
  7 laughing skulls
  4 wolves
  2 scorpions (Lair:3)
  2 jellies (Lair:4)
  A hell rat (Lair:1)
  2 gnolls (D:10)
  A river rat (Lair:1)
  8 boulders
  4 foxfires
235 creatures vanquished.

Vanquished Creatures (others)
  A storm dragon (Zot:5)
  A white draconian (Zot:2)
  20 boulders
  1284 foxfires
  16 spectral weapons
1322 creatures vanquished.

Grand Total: 3947 creatures vanquished

Notes
Turn   | Place    | Note
-------+----------+-------------------------------------------
     0 | D:1      | Salticid the Gnoll Fire Elementalist began the quest for
                  | the Orb.
     0 | D:1      | Reached XP level 1. HP: 13/13 MP: 6/6
   291 | D:1      | Reached XP level 2. HP: 19/19 MP: 2/7
   393 | D:1      | Learned a level 2 spell: Scorch
   862 | D:2      | Identified the +1 helmet of Wayssupn {Str+4 Dex+2}
  1089 | D:2      | Found a faded altar of an unknown god.
  1156 | D:2      | Reached skill level 5 in Spellcasting
  1156 | D:2      | Reached XP level 3. HP: 25/25 MP: 3/9
  1359 | D:2      | Reached skill level 1 in Invocations
  1836 | D:3      | Found Fockist's Magic Scroll Shoppe.
  1844 | D:3      | Bought a scroll of identify for 22 gold pieces
  1844 | D:3      | Bought a scroll of identify for 22 gold pieces
  1844 | D:3      | Bought a scroll of identify for 22 gold pieces
  1863 | D:3      | Bought a scroll of blinking for 82 gold pieces
  1879 | D:3      | Found Qiaraulleff's General Store.
  1884 | D:3      | Noticed Grinder
  1926 | D:3      | Reached skill level 1 in Fighting
  1926 | D:3      | Reached skill level 1 in Short Blades
  1926 | D:3      | Reached skill level 1 in Long Blades
  1926 | D:3      | Reached skill level 1 in Axes
  1926 | D:3      | Reached skill level 1 in Maces & Flails
  1926 | D:3      | Reached skill level 1 in Polearms
  1926 | D:3      | Reached skill level 1 in Staves
  1926 | D:3      | Reached skill level 1 in Ranged Weapons
  1926 | D:3      | Reached skill level 1 in Throwing
  1926 | D:3      | Reached skill level 1 in Armour
  1926 | D:3      | Reached skill level 1 in Shields
  1926 | D:3      | Reached skill level 1 in Unarmed Combat
  1926 | D:3      | Reached skill level 1 in Evocations
  1943 | D:3      | Found a glowing drain.
  1969 | D:3      | Learned a level 3 spell: Volatile Blastmotes
  1975 | D:3      | Reached skill level 1 in Shapeshifting
  1975 | D:3      | Reached XP level 4. HP: 32/32 MP: 6/11
  1980 | Sewer    | Entered a sewer
  2096 | Sewer    | Noticed a crocodile
  2111 | Sewer    | Killed a crocodile
  2112 | Sewer    | Reached skill level 1 in Hexes
  2112 | Sewer    | Reached skill level 1 in Summonings
  2112 | Sewer    | Reached skill level 1 in Necromancy
  2112 | Sewer    | Reached skill level 1 in Translocations
  2112 | Sewer    | Reached skill level 1 in Ice Magic
  2112 | Sewer    | Reached skill level 1 in Air Magic
  2112 | Sewer    | Reached skill level 1 in Earth Magic
  2112 | Sewer    | Reached skill level 1 in Alchemy
  2112 | Sewer    | Reached XP level 5. HP: 5/37 MP: 1/12
  2849 | D:3      | Noticed Sigmund
  3585 | D:4      | Noticed an ogre
  3593 | D:4      | Killed an ogre
  3594 | D:4      | Reached skill level 5 in Dodging
  3594 | D:4      | Reached XP level 6. HP: 44/44 MP: 7/14
  3738 | D:4      | Found a burning altar of Makhleb.
  4116 | D:3      | Upgraded the game from 0.31-a0-1597-ge7908ec95f to
                  | 0.31-a0-1606-g60c5cc7444
  4279 | D:4      | Reached XP level 7. HP: 50/50 MP: 11/15
  4774 | D:4      | Reached skill level 5 in Stealth
  5123 | D:5      | Entered Level 5 of the Dungeon
  5131 | D:5      | Noticed Prince Ribbit
  5331 | D:5      | Killed Prince Ribbit
  5332 | D:5      | Reached XP level 8. HP: 43/58 MP: 9/16
  5585 | D:5      | Found a shimmering altar of Xom.
  5586 | D:5      | Found a radiant altar of Vehumet.
  5760 | D:5      | Found a white marble altar of Elyvilon.
  5761 | D:5      | You fall into a shaft and drop 1 floor!
  5761 | D:6      | Found Zin's Purification Station.
  5764 | D:6      | Found a glowing silver altar of Zin.
  5872 | D:5      | Learned a level 3 spell: Summon Ice Beast
  6129 | D:5      | Found a sparkling altar of Nemelex Xobeh.
  6757 | D:5      | Became a worshipper of Vehumet
  7301 | D:6      | Reached XP level 9. HP: 65/65 MP: 13/18
  7329 | D:6      | Found a staircase to the Ecumenical Temple.
  7411 | D:6      | Reached * piety under Vehumet
  7411 | D:6      | Offered knowledge of Kiss of Death by Vehumet.
  7449 | D:6      | Found an ornate altar of the Wu Jian Council.
  7592 | D:6      | Found an ancient bone altar of Kikubaaqudgha.
  7614 | D:6      | Found a broken altar of Ashenzari.
  7860 | D:6      | Reached skill level 6 in Stealth
  8097 | D:6      | Reached ** piety under Vehumet
  8215 | D:7      | Offered knowledge of Searing Ray by Vehumet.
  8622 | D:7      | Reached skill level 5 in Invocations
  8934 | D:8      | Noticed Grum
  9035 | D:8      | Killed Grum
  9211 | D:8      | Found a staircase to the Lair.
  9225 | D:8      | HP: 2/67 [warg (15)]
  9232 | D:8      | Reached skill level 5 in Fighting
  9232 | D:8      | Reached skill level 5 in Short Blades
  9232 | D:8      | Reached skill level 5 in Long Blades
  9232 | D:8      | Reached skill level 5 in Axes
  9232 | D:8      | Reached skill level 5 in Maces & Flails
  9232 | D:8      | Reached skill level 5 in Polearms
  9232 | D:8      | Reached skill level 5 in Staves
  9232 | D:8      | Reached skill level 5 in Ranged Weapons
  9232 | D:8      | Reached skill level 5 in Throwing
  9232 | D:8      | Reached skill level 5 in Armour
  9232 | D:8      | Reached skill level 5 in Shields
  9232 | D:8      | Reached skill level 5 in Unarmed Combat
  9232 | D:8      | Reached skill level 5 in Evocations
  9232 | D:8      | Reached XP level 10. HP: 20/74 MP: 13/20
 10028 | D:8      | Offered knowledge of Momentum Strike by Vehumet.
 10204 | D:8      | Reached skill level 5 in Conjurations
 10214 | D:8      | Reached *** piety under Vehumet
 10756 | D:9      | Reached skill level 7 in Stealth
 10756 | D:9      | Reached skill level 5 in Shapeshifting
 11389 | D:9      | Noticed a kobold demonologist
 11396 | D:9      | Killed a kobold demonologist
 11453 | D:9      | Noticed a centaur warrior
 11453 | D:9      | Noticed a boulder beetle
 11815 | D:8      | Learned a level 5 spell: Yara's Violent Unravelling
 11819 | D:8      | Learned a level 3 spell: Inner Flame
 11825 | D:8      | Learned a level 5 spell: Summon Mana Viper
 12087 | D:9      | Found a sacrificial altar of Ru.
 12146 | D:10     | Entered Level 10 of the Dungeon
 12225 | D:10     | Noticed a gargoyle
 12232 | D:10     | Killed a gargoyle
 12430 | D:10     | Offered knowledge of Brom's Barrelling Boulder by Vehumet.
 12515 | D:10     | Reached skill level 5 in Hexes
 12515 | D:10     | Reached skill level 5 in Summonings
 12515 | D:10     | Reached skill level 5 in Necromancy
 12515 | D:10     | Reached skill level 5 in Translocations
 12515 | D:10     | Reached skill level 5 in Ice Magic
 12515 | D:10     | Reached skill level 5 in Air Magic
 12515 | D:10     | Reached skill level 5 in Earth Magic
 12515 | D:10     | Reached skill level 5 in Alchemy
 12515 | D:10     | Reached XP level 11. HP: 81/81 MP: 18/22
 13339 | D:10     | Found a staircase to the Orcish Mines.
 13471 | D:10     | Reached **** piety under Vehumet
 13477 | D:10     | Learned a level 4 spell: Brom's Barrelling Boulder
 13790 | D:11     | Noticed a two-headed ogre
 13791 | D:11     | Noticed a two-headed ogre
 13803 | D:11     | Killed a two-headed ogre
 13803 | D:11     | Killed a two-headed ogre
 14238 | D:11     | Noticed a two-headed ogre
 14243 | D:11     | Killed a two-headed ogre
 14243 | D:11     | Offered knowledge of Fulminant Prism by Vehumet.
 14344 | D:11     | Found Teycev's Distillery.
 14381 | D:11     | Bought a potion of mutation for 96 gold pieces
 14678 | Lair:1   | Entered Level 1 of the Lair of Beasts
 14714 | Lair:1   | Reached skill level 8 in Stealth
 15307 | Lair:1   | Noticed a seven-headed hydra
 15345 | Lair:1   | Killed a seven-headed hydra
 15845 | Lair:1   | Reached XP level 12. HP: 91/91 MP: 18/24
 16451 | Lair:1   | Reached ***** piety under Vehumet
 16505 | Lair:1   | Offered knowledge of Freezing Cloud by Vehumet.
 17061 | Lair:2   | Noticed a skyshark
 17065 | Lair:2   | Noticed a four-headed hydra
 17068 | Lair:2   | Identified the +9 glaive of Balance {drain, rN++ Will++
                  | Str+2}
 17068 | Lair:2   | Noticed Maggie
 17071 | Lair:2   | Noticed a seven-headed hydra
 17073 | Lair:2   | Killed a skyshark
 17073 | Lair:2   | Killed a four-headed hydra
 17077 | Lair:2   | Killed a seven-headed hydra
 17078 | Lair:2   | Killed Maggie
 17079 | Lair:2   | Reached skill level 9 in Stealth
 17307 | Lair:2   | Noticed an eight-headed hydra
 17313 | Lair:2   | Killed an eight-headed hydra
 17390 | Lair:2   | Noticed a skyshark
 17396 | Lair:2   | Killed a skyshark
 17661 | Lair:2   | Reached XP level 13. HP: 78/98 MP: 20/26
 17758 | Lair:2   | Identified an amulet "Celanko" {Faith *Slow rC++}
 18191 | Lair:3   | Identified the +2 robe of the Wild Haggis {rF- Str+4 Int+6}
 18252 | Lair:3   | Found a staircase to the Swamp.
 18387 | Lair:3   | Found a hole to the Spider Nest.
 18691 | Lair:3   | Reached skill level 10 in Spellcasting
 19367 | Lair:4   | Found a staircase to the Slime Pits.
 19699 | Lair:4   | Reached skill level 10 in Dodging
 19737 | Lair:4   | Noticed Snorg
 19745 | Lair:4   | Killed Snorg
 19927 | Lair:4   | Offered knowledge of Iskenderun's Battlesphere by Vehumet.
 20073 | Lair:4   | Reached skill level 10 in Stealth
 20546 | Lair:5   | Entered Level 5 of the Lair of Beasts
 20651 | Lair:5   | Reached skill level 10 in Invocations
 20651 | Lair:5   | Reached XP level 14. HP: 73/108 MP: 15/28
 21207 | Lair:4   | Learned a level 5 spell: Freezing Cloud
 21208 | Lair:5   | Noticed Josephine
 21213 | Lair:5   | Killed Josephine
 21921 | Lair:5   | Reached skill level 10 in Fire Magic
 22068 | Lair:5   | Reached skill level 10 in Fighting
 22068 | Lair:5   | Reached skill level 10 in Short Blades
 22068 | Lair:5   | Reached skill level 10 in Long Blades
 22068 | Lair:5   | Reached skill level 10 in Axes
 22068 | Lair:5   | Reached skill level 10 in Maces & Flails
 22068 | Lair:5   | Reached skill level 10 in Polearms
 22068 | Lair:5   | Reached skill level 10 in Staves
 22068 | Lair:5   | Reached skill level 10 in Ranged Weapons
 22068 | Lair:5   | Reached skill level 10 in Throwing
 22068 | Lair:5   | Reached skill level 10 in Armour
 22068 | Lair:5   | Reached skill level 10 in Shields
 22068 | Lair:5   | Reached skill level 10 in Unarmed Combat
 22068 | Lair:5   | Reached skill level 10 in Evocations
 22187 | Lair:5   | Reached XP level 15. HP: 114/115 MP: 22/30
 22734 | D:9      | Reached skill level 11 in Stealth
 22824 | D:9      | Identified the +0 chain mail "Dirghych" {rPois rC+ rN+}
 22837 | D:9      | Offered knowledge of Orb of Destruction by Vehumet.
 22931 | D:9      | Identified the amulet of Vakyr {Reflect MP+9 SH+5}
 23075 | Orc:1    | Entered Level 1 of the Orcish Mines
 23243 | Orc:1    | You fall into a shaft and drop 1 floor!
 23243 | Orc:2    | Entered Level 2 of the Orcish Mines
 24459 | Orc:2    | Noticed an orc warlord
 24472 | Orc:2    | Killed an orc warlord
 24546 | Orc:2    | Offered knowledge of Bombard by Vehumet.
 24589 | Orc:2    | Found Nylaev's Distillery.
 24597 | Orc:2    | Bought a potion of heal wounds for 65 gold pieces
 24680 | Orc:2    | Found Otohayq's Jewellery Shoppe.
 24690 | Orc:2    | Learned a level 6 spell: Bombard
 24896 | Orc:2    | Found a staircase to the Elven Halls.
 25213 | Orc:2    | Noticed Saint Roka
 25830 | Orc:2    | Killed Saint Roka
 26138 | Orc:2    | Found Kiygyam's Antique Weapon Shop.
 26140 | Orc:2    | Found Rumij's Antique Armour Boutique.
 26462 | D:12     | Identified a scroll of acquirement
 27213 | D:13     | Reached ****** piety under Vehumet
 27353 | D:13     | Offered knowledge of Irradiate by Vehumet.
 27636 | D:14     | Found a shimmering blue altar of Sif Muna.
 27694 | D:14     | Reached skill level 10 in Shapeshifting
 28040 | D:14     | Found a gate to the Vaults.
 28146 | D:14     | Acquired a book of the Dragon
 28231 | D:14     | Reached XP level 16. HP: 121/124 MP: 31/32
 28437 | D:14     | Noticed Roxanne
 28445 | D:14     | Learned a level 5 spell: Irradiate
 28464 | D:14     | Killed Roxanne
 29046 | D:15     | Entered Level 15 of the Dungeon
 29475 | D:15     | Identified the +7 trident "Xisuocra" {antimagic, Str+3
                  | SInv}
 29505 | D:15     | Found a staircase to the Depths.
 30424 | Swamp:1  | Entered Level 1 of the Swamp
 30676 | Swamp:1  | Reached skill level 12 in Stealth
 31227 | Swamp:1  | Offered knowledge of Plasma Beam by Vehumet.
 32297 | Swamp:2  | Reached skill level 10 in Conjurations
 32498 | Swamp:2  | You fall into a shaft and drop 1 floor!
 32897 | Swamp:3  | Reached XP level 17. HP: 77/133 MP: 29/33
 33124 | Swamp:3  | Identified the +8 spear of Byavei {flame, rPois}
 33472 | Swamp:4  | Entered Level 4 of the Swamp
 33885 | Swamp:3  | Learned a level 6 spell: Plasma Beam
 33936 | Swamp:4  | Reached skill level 10 in Hexes
 33936 | Swamp:4  | Reached skill level 10 in Summonings
 33936 | Swamp:4  | Reached skill level 10 in Necromancy
 33936 | Swamp:4  | Reached skill level 10 in Translocations
 33936 | Swamp:4  | Reached skill level 10 in Ice Magic
 33936 | Swamp:4  | Reached skill level 10 in Air Magic
 33936 | Swamp:4  | Reached skill level 10 in Earth Magic
 33936 | Swamp:4  | Reached skill level 10 in Alchemy
 34200 | Swamp:4  | Offered knowledge of Spellforged Servitor by Vehumet.
 35384 | Swamp:4  | Found the +10 Black Knight's barding {ponderous, rPois rN+}
 35815 | Swamp:4  | Got a decaying rune of Zot
 36406 | Spider:1 | Entered Level 1 of the Spider Nest
 36508 | Lair:3   | Offered knowledge of Lehudib's Crystal Spear by Vehumet.
 36508 | Lair:3   | Offered knowledge of Shatter by Vehumet.
 36508 | Lair:3   | Offered knowledge of Polar Vortex by Vehumet.
 36776 | Lair:3   | Reached skill level 13 in Stealth
 36949 | Spider:1 | Identified the ring "Ejibaz" {rPois rC- Str+6 Dex+2 Slay+5}
 37953 | Spider:2 | Identified the +1 ring mail of a Gauntlet {*Slow Dex+6}
 37987 | Spider:2 | Reached XP level 18. HP: 124/141 MP: 33/35
 39513 | Spider:3 | Noticed Azrael
 39520 | Spider:3 | Killed Azrael
 40139 | Spider:4 | Entered Level 4 of the Spider Nest
 42225 | Spider:4 | Reached XP level 19. HP: 138/149 MP: 4/37
 42393 | Spider:4 | Got a gossamer rune of Zot
 42785 | Elf:1    | Entered Level 1 of the Elven Halls
 42984 | Elf:1    | Identified the +1 demon whip "Ufiaj" {flame, rPois rN+}
 43070 | Elf:1    | Got Kikubaaqudgha's Tome of Evil Arts
 43133 | Elf:1    | Reached skill level 14 in Stealth
 43542 | Elf:1    | Got the Dissertation on the Telluric Sixfirhy
 43742 | Elf:1    | Found a runed translucent gate.
 43742 | Elf:1    | Noticed Muadi's ghost (adept DsNe)
 43743 | Elf:1    | Found a runed translucent gate.
 43743 | Elf:1    | Found an opulent altar of Gozag.
 43744 | Elf:1    | Found a runed translucent gate.
 44149 | Elf:1    | Found Zithiuf's Assorted Antiques.
 44149 | Elf:1    | Found Zuema Ven's Assorted Antiques.
 44523 | Elf:1    | Killed Muadi's ghost
 44738 | Elf:1    | Bought a potion of haste for 290 gold pieces
 44740 | Elf:1    | Bought a scroll of blinking for 165 gold pieces
 44861 | Elf:2    | Paralysed by an air elemental for 1 turns
 45198 | Elf:2    | Found a runed translucent gate.
 45199 | Elf:2    | Found a runed translucent gate.
 45199 | Elf:2    | Found a runed translucent gate.
 46488 | Elf:3    | Entered Level 3 of the Elven Halls
 46820 | Elf:3    | Reached skill level 15 in Invocations
 47435 | Elf:3    | Noticed a Brimstone Fiend
 47437 | Elf:3    | Reached XP level 20. HP: 156/158 MP: 14/38
 47860 | Elf:3    | Identified the +10 long sword "Vuzos" {flame, *Noise +Blink
                  | Will+ Int+4}
 47876 | Elf:3    | Noticed a Brimstone Fiend
 48201 | Elf:3    | HP: 6/148 [deep elf sorcerer/damnation (42)]
 48598 | Elf:3    | Learned a level 4 spell: Manifold Assault
 48718 | Abyss:3  | Found a corrupted altar of Lugonu.
 48718 | Abyss:3  | Cast into level 3 of the Abyss (a deep elf demonologist)
 48753 | Abyss:3  | Reached skill level 15 in Spellcasting
 49253 | Abyss:3  | Reached skill level 15 in Dodging
 49316 | Elf:3    | Escaped the Abyss
 49326 | Elf:3    | Noticed a Tzitzimitl
 49658 | Elf:3    | Identified the staff of Exchange {rPois Will+ Int+2 Earth}
 49727 | Elf:3    | Identified the staff of Ovovog {rPois rN+ Str-5 SInv Stlth+
                  | Necro}
 49732 | Elf:3    | Got the Writings on Invitation and Cleavage
 49736 | Elf:3    | Identified the +3 dagger of Impeachment {flame, *Corrode
                  | Int+7 SInv Stlth+}
 49792 | Elf:3    | Got Wibball's Omnibus of the Final Ziggurats
 49798 | Elf:3    | Got the Atlas of Exhalation
 49800 | Elf:3    | Got A Primer on Incantation
 49915 | Elf:3    | Learned a level 8 spell: Maxwell's Capacitive Coupling
 50255 | Vaults:1 | Entered Level 1 of the Vaults
 50399 | Vaults:1 | Reached skill level 15 in Stealth
 51147 | Vaults:1 | Noticed Norris
 51158 | Vaults:1 | Killed Norris
 51161 | Vaults:1 | Reached XP level 21. HP: 106/166 MP: 5/40
 51667 | Vaults:2 | You fall into a shaft and drop 2 floors!
 52126 | Vaults:3 | Found Tatacas's Antique Armour Boutique.
 52201 | Vaults:3 | Found Plog's Book Emporium.
 52294 | Vaults:3 | Upgraded the game from 0.31-a0-1606-g60c5cc7444 to
                  | 0.31-a0-1612-g4aaf141004
 52359 | Vaults:3 | Identified the +2 robe of Rakenyog {Will++ Regen+ MP-9
                  | Archmagi}
 52620 | Vaults:3 | Reached skill level 15 in Fighting
 52620 | Vaults:3 | Reached skill level 15 in Short Blades
 52620 | Vaults:3 | Reached skill level 15 in Long Blades
 52620 | Vaults:3 | Reached skill level 15 in Axes
 52620 | Vaults:3 | Reached skill level 15 in Maces & Flails
 52620 | Vaults:3 | Reached skill level 15 in Polearms
 52620 | Vaults:3 | Reached skill level 15 in Staves
 52620 | Vaults:3 | Reached skill level 15 in Ranged Weapons
 52620 | Vaults:3 | Reached skill level 15 in Throwing
 52620 | Vaults:3 | Reached skill level 15 in Armour
 52620 | Vaults:3 | Reached skill level 15 in Shields
 52620 | Vaults:3 | Reached skill level 15 in Unarmed Combat
 52620 | Vaults:3 | Reached skill level 15 in Evocations
 52646 | Vaults:3 | Found Sedeydod's Antique Armour Shop.
 52700 | Vaults:3 | Reached skill level 15 in Fire Magic
 52950 | Vaults:3 | Found Tosaubuz's Antique Weapon Boutique.
 53229 | Vaults:3 | Found Wiprach's Jewellery Shop.
 54257 | Vaults:2 | Found a huge runed translucent gate.
 54257 | Vaults:2 | Found a huge runed translucent gate.
 54257 | Vaults:2 | Found a huge runed translucent gate.
 54257 | Vaults:2 | Found a huge runed translucent gate.
 54257 | Vaults:2 | Found a huge runed translucent gate.
 54257 | Vaults:2 | Found a huge runed translucent gate.
 54257 | Vaults:2 | Found a huge runed translucent gate.
 54257 | Vaults:2 | Found a huge runed translucent gate.
 54258 | Vaults:2 | Found a huge runed translucent gate.
 54258 | Vaults:2 | Found a huge runed translucent gate.
 54258 | Vaults:2 | Found a huge runed translucent gate.
 54258 | Vaults:2 | Found a huge runed translucent gate.
 54258 | Vaults:2 | Found a huge runed translucent gate.
 54523 | Vaults:2 | Reached XP level 22. HP: 106/175 MP: 42/42
 54956 | Vaults:2 | Found a staircase to the Crypt.
 55079 | Vaults:2 | Found a huge runed translucent gate.
 55080 | Vaults:2 | Found a huge runed translucent gate.
 55081 | Vaults:2 | Found a huge runed translucent gate.
 55082 | Vaults:2 | Found a huge runed translucent gate.
 55083 | Vaults:2 | Found a huge runed translucent gate.
 55083 | Vaults:2 | Found a huge runed translucent gate.
 55088 | Vaults:2 | Found a huge runed translucent gate.
 55089 | Vaults:2 | Found a huge runed translucent gate.
 55089 | Vaults:2 | Found a huge runed translucent gate.
 55089 | Vaults:2 | Found a huge runed translucent gate.
 55089 | Vaults:2 | Found a huge runed translucent gate.
 55091 | Vaults:2 | Found a huge runed translucent gate.
 55092 | Vaults:2 | Found a huge runed translucent gate.
 55093 | Vaults:2 | Found a huge runed translucent gate.
 55093 | Vaults:2 | Found a huge runed translucent gate.
 55098 | Vaults:2 | Found a huge runed translucent gate.
 55099 | Vaults:2 | Found a huge runed translucent gate.
 55099 | Vaults:2 | Found a huge runed translucent gate.
 55099 | Vaults:2 | Found a huge runed translucent gate.
 55099 | Vaults:2 | Found a huge runed translucent gate.
 55101 | Vaults:2 | Found a huge runed translucent gate.
 55102 | Vaults:2 | Found a huge runed translucent gate.
 55103 | Vaults:2 | Found a huge runed translucent gate.
 55641 | Vaults:2 | Identified the +0 chain mail "Qofaast" {+Blink rPois Regen+
                  | Slay+5}
 55724 | Vaults:2 | Identified the +0 rapier of the Final Decision {pain,
                  | Int+3}
 55804 | Vaults:2 | Got the Compilation of Hexing Wicked Arts
 56365 | Vaults:4 | Found Acwonkuh's Assorted Antiques.
 56370 | Vaults:4 | Bought a potion of invisibility for 248 gold pieces
 56443 | Vaults:4 | Reached skill level 16 in Stealth
 57104 | Vaults:2 | Learned a level 7 spell: Spellforged Servitor
 57128 | Crypt:1  | Entered Level 1 of the Crypt
 57262 | Crypt:1  | Noticed Donald
 57274 | Crypt:1  | Killed Donald
 58903 | Depths:1 | Entered Level 1 of the Depths
 59256 | Depths:1 | Learned a level 2 spell: Sublimation of Blood
 59543 | Depths:1 | Found a gateway to Hell.
 60055 | Depths:1 | Reached XP level 23. HP: 183/183 MP: 20/43
 60649 | Depths:1 | Found a one-way gate to the infinite horrors of the Abyss.
 61475 | Depths:2 | Found a one-way gate leading to the halls of Pandemonium.
 61904 | Depths:2 | Found a shadowy altar of Dithmenos.
 62026 | Depths:2 | Noticed a royal mummy
 62032 | Depths:2 | Killed a royal mummy
 62069 | Depths:2 | Noticed a royal mummy
 62080 | Depths:2 | Noticed a royal mummy
 62081 | Depths:2 | Killed a royal mummy
 62385 | Depths:2 | Found a one-way gateway to a ziggurat.
 62399 | Depths:2 | Found a bloodstained altar of Trog.
 62774 | Depths:2 | Killed a royal mummy
 62775 | Depths:2 | Reached skill level 15 in Shapeshifting
 62933 | Depths:2 | Found the +7 sceptre of Torment {pain, torment}
 63025 | Depths:3 | Noticed a juggernaut
 63047 | Depths:3 | Killed a juggernaut
 63310 | Depths:3 | Identified the ring "Rocias" {rF- rC+++ Str-5 Int+6 Dex+4}
 64614 | Depths:3 | Found Rixilal's Weapon Shop.
 64657 | Depths:3 | Found Jooj Zil's Antique Armour Emporium.
 65022 | Depths:3 | Reached skill level 17 in Stealth
 65193 | Depths:3 | Found a sacrificial altar of Ru.
 65464 | Depths:4 | Entered Level 4 of the Depths
 65469 | Depths:4 | Noticed a caustic shrike
 65811 | Depths:3 | Reached XP level 24. HP: 108/193 MP: 31/44
 65811 | Depths:3 | Killed a caustic shrike
 67336 | Depths:4 | Noticed a caustic shrike
 67341 | Depths:4 | Killed a caustic shrike
 67664 | Depths:4 | Noticed an ancient lich
 67975 | Depths:4 | Noticed an ancient lich
 67987 | Depths:4 | Found a gate to the Realm of Zot.
 67993 | Depths:4 | Noticed a caustic shrike
 67996 | Depths:4 | Killed an ancient lich
 67997 | Depths:4 | Killed a caustic shrike
 68352 | Depths:4 | Noticed a caustic shrike
 68359 | Depths:4 | Noticed a caustic shrike
 68362 | Depths:4 | Killed a caustic shrike
 68365 | Depths:4 | Killed a caustic shrike
 68586 | Depths:4 | Identified the granite talisman "Kuskoev" {Dex+3}
 68855 | Depths:4 | Got Vehumet's Folio of Bruises
 69034 | Depths:4 | Killed an ancient lich
 69109 | Depths:4 | Got the Discursus on Injury and the Serac
 69110 | Depths:4 | Identified the staff of Puhunea {*Corrode rElec rC+ rN++
                  | MP+9 Air}
 69739 | Slime:1  | Entered Level 1 of the Pits of Slime
 69756 | Slime:1  | Paralysed by a formless jellyfish for 1 turns
 71083 | Slime:1  | Learned a level 8 spell: Ignition
 71842 | Slime:4  | Reached XP level 25. HP: 201/201 MP: 44/44
 72457 | Slime:3  | Gained mutation: You are dopey. (Int -2) [a shining eye]
 72458 | Slime:3  | Gained mutation: You are weak. (Str -2) [a shining eye]
 72499 | Slime:4  | Lost mutation: You are weak. (Str -2) [potion of mutation]
 72499 | Slime:4  | Lost mutation: You are dopey. (Int -2) [potion of mutation]
 72499 | Slime:4  | Gained mutation: Your movements are slightly less
                  | encumbered by armour. (ER -2) [potion of mutation]
 72650 | Slime:5  | Entered Level 5 of the Pits of Slime
 72701 | Slime:5  | Noticed the Royal Jelly
 72705 | Slime:5  | Killed the Royal Jelly
 72706 | Slime:5  | Reached skill level 15 in Conjurations
 73098 | Slime:5  | Identified the +4 ring mail of Zyt Lovi {Harm rC- Slay+2}
 73108 | Slime:5  | Got a slimy rune of Zot
 73169 | Slime:5  | Identified the amulet "Vaigot" {rPois rF- Regen+ Str+4}
 73172 | Slime:5  | Identified the +0 scale mail of Magic {rF- rN+ MP+9}
 74037 | Vaults:5 | Entered Level 5 of the Vaults
 74039 | Vaults:5 | Reached skill level 18 in Stealth
 74039 | Vaults:5 | Reached skill level 15 in Hexes
 74039 | Vaults:5 | Reached skill level 15 in Summonings
 74039 | Vaults:5 | Reached skill level 15 in Necromancy
 74039 | Vaults:5 | Reached skill level 15 in Translocations
 74039 | Vaults:5 | Reached skill level 15 in Ice Magic
 74039 | Vaults:5 | Reached skill level 15 in Air Magic
 74039 | Vaults:5 | Reached skill level 15 in Earth Magic
 74039 | Vaults:5 | Reached skill level 15 in Alchemy
 74202 | Vaults:5 | Noticed a dread lich
 74212 | Vaults:5 | Noticed an ancient lich
 74212 | Vaults:5 | Killed a dread lich
 74219 | Vaults:5 | Killed an ancient lich
 74636 | Vaults:5 | Got a silver rune of Zot
 74639 | Vaults:5 | Got the Papyrus of the Harmful Autopsy
 74647 | Vaults:5 | Identified the +4 long sword "Ywkann" {venom, Dex+5}
 74695 | Vaults:5 | Found Wisyar's Distillery.
 74701 | Vaults:5 | Bought a potion of ambrosia for 112 gold pieces
 74701 | Vaults:5 | Bought a potion of brilliance for 56 gold pieces
 74701 | Vaults:5 | Bought a potion of mutation for 112 gold pieces
 74701 | Vaults:5 | Bought 2 potions of curing for 84 gold pieces
 74701 | Vaults:5 | Bought 2 potions of invisibility for 224 gold pieces
 74705 | Vaults:5 | Found Qeuqijak's Book Shoppe.
 74769 | Vaults:5 | Reached XP level 26. HP: 143/211 MP: 24/45
 75068 | Vaults:5 | Found Goru's Jewellery Shop.
 75072 | Vaults:5 | Bought the amulet of Gudgheh {RegenMP rC+ Will+} for 793
                  | gold pieces
 75155 | Vaults:5 | Found Wisucwaq's Jewellery Emporium.
 75262 | Vaults:5 | Noticed Xtahua
 75272 | Vaults:5 | Killed Xtahua
 75285 | Vaults:5 | Reached skill level 19 in Stealth
 75634 | Vaults:5 | Identified the staff of Kehajokh {rElec rC+ Ice}
 75639 | Vaults:5 | Identified the ring "Covvea" {Ice Will+ Int+2}
 75850 | Vaults:5 | Got the Commentary on Effluvium and Generation
 75921 | Vaults:5 | Identified the ring "Ische" {Fly Dex+8}
 76811 | Crypt:2  | Identified the +3 spear of Quantum Leap {speed, ^Contam
                  | rPois rF+++ rC+ Will+}
 77272 | Crypt:3  | Entered Level 3 of the Crypt
 77501 | Crypt:3  | Noticed Jory
 77514 | Crypt:3  | Killed Jory
 77658 | Crypt:3  | Acquired 614 gold pieces
 78308 | Crypt:3  | Found a staircase to the Tomb.
 78529 | Crypt:3  | Identified the +12 shortbow "Gatoecw" {heavy, MP+9}
 78544 | Crypt:3  | Identified the staff of Indomitability {rElec rF+ rCorr
                  | Dex-4 Stlth+ Fire}
 78844 | Zot:1    | Entered Level 1 of the Realm of Zot
 78847 | Zot:1    | Reached skill level 20 in Stealth
 78870 | Zot:1    | Identified the +8 battleaxe of Dithmenos, Changing {flame,
                  | rElec rF+ MP+9}
 78927 | Zot:1    | Reached XP level 27. HP: 216/216 MP: 41/46
 79380 | Zot:1    | Found a shimmering altar of Xom.
 79380 | Zot:1    | Found a glowing silver altar of Zin.
 79380 | Zot:1    | Found a shimmering altar of Xom.
 79380 | Zot:1    | Found a shimmering altar of Xom.
 79382 | Zot:1    | Found a shimmering altar of Xom.
 79618 | Zot:1    | Found a shimmering altar of Xom.
 81819 | Zot:4    | Noticed Parghit
 81823 | Zot:4    | Killed Parghit
 82180 | Zot:4    | Upgraded the game from 0.31-a0-1612-g4aaf141004 to
                  | 0.31-a0-1616-gbeaec30b81
 82386 | Zot:4    | Reached skill level 21 in Stealth
 82658 | Zot:4    | Learned a level 9 spell: Chain Lightning
 82714 | Zot:5    | Entered Level 5 of the Realm of Zot
 82751 | Zot:5    | Noticed a dread lich
 82852 | Zot:5    | Learned a level 9 spell: Polar Vortex
 83243 | Zot:5    | Noticed a dread lich
 83245 | Zot:5    | Noticed an orb of fire
 83247 | Zot:5    | Noticed an orb of fire
 83247 | Zot:5    | Gained mutation: Your mind is acute. (Int +4, Str/Dex -1)
                  | [an orb of fire]
 83249 | Zot:5    | Killed a dread lich
 83250 | Zot:5    | Gained mutation: You are weak. (Str -2) [an orb of fire]
 83251 | Zot:5    | Killed an orb of fire
 83251 | Zot:5    | Killed an orb of fire
 83265 | Zot:5    | Noticed a dread lich
 83268 | Zot:5    | Noticed an orb of fire
 83269 | Zot:5    | Killed a dread lich
 83272 | Zot:5    | Gained mutation: You occasionally lose the ability to drink
                  | potions when taking damage. [an orb of fire]
 83276 | Zot:5    | Killed an orb of fire
 83282 | Zot:5    | Killed a dread lich
 83314 | Zot:5    | Noticed a dread lich
 83318 | Zot:5    | Killed a dread lich
 83364 | Zot:5    | Reached skill level 22 in Stealth
 83626 | Zot:5    | Got the Orb of Zot
 83748 | Zot:5    | Noticed an ancient lich
 83751 | Zot:5    | Noticed Bemej the pandemonium lord
 83757 | Zot:5    | Killed Bemej the pandemonium lord
 83757 | Zot:5    | Killed an ancient lich
 83841 | Zot:1    | Noticed Plog the pandemonium lord
 83985 | D:15     | Noticed Iwaikhlu the pandemonium lord
 83988 | D:15     | Killed Iwaikhlu the pandemonium lord
 84051 | D:13     | Noticed Tatziv the pandemonium lord
 84055 | D:13     | Killed Tatziv the pandemonium lord
 84398 | D:$      | Escaped with the Orb!

Illustrated notes

Levels and vault maps discovered:
D:1:      minmay_arrival_radiant_lines, layout_loops_ring
D:2:      layout_loops_ring, hellmonk_ecumenical_altar_heavens_door,
          serial_bayou_lagoon_b
D:3:      minmay_door_path, layout_loops_ring, serial_shops, shop, shop_coins,
          gup_sewer_entry_glass, uniq_sigmund, uniq_grinder
D:4:      layout_loops_ring, makhleb_blood_cavern_becter, nicolae_hexahallways,
          minmay_joined_circles
D:5:      layout_basic, mainiacjoe_overflow_alcove_2, nicolae_overflow_squiral,
          mainiacjoe_overflow_concentric_impassable, uniq_prince_ribbit1
D:6:      lemuel_ratsnest, layout_cave_pods, nicolae_wu_jian_wuxing_cycle,
          jmf_multi_god_temple2, zin_purify, temple_hall
D:7:      layout_basic
D:8:      layout_layer_cave, erik_lair_orcish_takeover, uniq_grum
D:9:      minmay_sliced_demisemicircle, layout_stronghold,
          kennysheep_little_box, nicolae_titane
D:10:     layout_gridville, erik_orc_1
D:11:     layout_loops_cross, serial_shops, nicolae_lakefront_shop,
          kennysheep_generic_room_3
D:12:     layout_roguey
D:13:     layout_big_octagon
D:14:     lemuel_ice_spiral_2, layout_irregular_city,
          hangedman_vaults_entry_quadrant_bands, nicolae_sif_muna_condensation,
          uniq_roxanne
D:15:     hangedman_depths_entry_civil_slaughter, layout_rooms,
          roderic_roman_lattice
Lair:1:   layout_cave_pods, kennysheep_abandoned_house
Lair:2:   nzn_winding_woodlands_large [nzn_winding_woodlands_5x5_default,
          nzn_winding_woodlands_5x15_sawtooth,
          nzn_winding_woodlands_5x5_perimeter,
          nzn_winding_woodlands_center_garden,
          nzn_winding_woodlands_15x15_eel_pit,
          nzn_winding_woodlands_center_triple_pond,
          nzn_winding_woodlands_5x5_default, nzn_winding_woodlands_5x15_crooked,
          nzn_winding_woodlands_5x5_default], layout_cellular_growth,
          uniq_maggie
Lair:3:   layout_cave_shapes, skrybe_swamp_entry_bodies,
          nicolae_spider_entry_lesser_pyramids, hibernation_bobbens
Lair:4:   layout_gridlike, nicolae_slime_entry_field_trip,
          cheibrodos_lair_caveside_slide, lemuel_fruit_fields, uniq_snorg
Lair:5:   evilmike_catoblepas_cave, layout_long_grid, grunt_megastairs_5,
          serial_bayou_shore_b, lemuel_fruit_fields, uniq_josephine
Swamp:1:  tekkud_swamp_unearthing_site, layout_basic_swamp,
          evilmike_swamp_ruin_wall, serial_swamp_ruin,
          evilmike_swamp_ruin_house_1, evilmike_swamp_ruin_house_3,
          infiniplex_staircase_pool_2
Swamp:2:  cheibrodos_swamp_mausoleum, layout_basic_swamp,
          evilmike_swamp_ruin_house_6
Swamp:3:  layout_falls_marsh, hangedman_swamp_lotus, swamp_pool_1_2,
          infiniplex_staircase_pool
Swamp:4:  nzn_swamp_witches_coven, layout_basic_swamp, swamp_pool_1_2,
          nicolae_swamp_feature_on_the_river_bank
Spider:1: layout_spider_delve, drop_trap
Spider:2: layout_spider_delve
Spider:3: layout_cave_pods, drop_trap, uniq_azrael
Spider:4: guppyfry_spider_rune
Slime:1:  layout_caves
Slime:2:  layout_caves
Slime:3:  layout_caves
Slime:4:  layout_caves
Slime:5:  slime_pit_nicolae_inversion
Orc:1:    layout_caves, nicolae_orc_stony_grotto
Orc:2:    grunt_orc_community_town_hall, layout_diamond_mine,
          grunt_orc_community_big_house_2, grunt_orc_community_big_house_1,
          grunt_orc_community_house_2, grunt_orc_community_house_3,
          grunt_orc_community_house_3, grunt_orc_community_house_2,
          grunt_orc_community_house_1
Elf:1:    minmay_firetagon, layout_loops_corners, ebering_ghost_gozag,
          serial_glass, glass_columns_a, glass_columns_c, minmay_elf_necromancy
Elf:2:    nicolae_elf_blades_crystal_corner, layout_onion_city
Elf:3:    minmay_elf_hall_four_x, layout_loops_cross,
          serial_sigils_hangedman_gut
Vaults:1: nicolae_vaults_trapezoid_layered, vaults_standard_mumra_lines,
          ontoclasm_vaults_hangar, nicolae_vaults_alarming, grunt_vaults_twisty,
          nicolae_vaults_border_crossing, hangedman_vaults_corner,
          vaults_dpeg_ring, ontoclasm_vaults_gateway, v_misc_9,
          layout_vaults_maze_snakey, uniq_norris
Vaults:2: vaults_room_corners, not_door_vault_mu, nicolae_vaults_weapon_check,
          nicolae_vaults_cochlea, nicolae_vaults_oval_intersection,
          nicolae_vaults_tangram_2, minmay_crypt_entry_simple_box,
          vaults_room_door_ring, nicolae_vaults_two_Ls, minmay_orc_keep,
          layout_vaults_quadrants
Vaults:3: nicolae_vaults_murderbox, vaults_mumra_chevron_long,
          nicolae_vaults_storage_closets_1, v_misc_11, ontoclasm_vaults_hangar,
          nicolae_vaults_big_ls, hangedman_vaults_pinch,
          nicolae_vaults_closet_pinwheel_2, grunt_vaults_focal,
          nicolae_vaults_little_squares_4, nicolae_vaults_yaktaur_gun_rack,
          vaults_dpeg_encased_lava, nicolae_vaults_house_1,
          nicolae_vaults_tetromino_L_2, nicolae_vaults_little_squares_2,
          nicolae_vaults_diamond_2, layout_vaults_omnibox, serial_shops, shop,
          nicolae_shop_just_a_little_nook, shop, nicolae_shop_back_alley_shop,
          nicolae_shop_pleasant_corner_grove
Vaults:4: v_misc_22, nicolae_vaults_house_1, hangedman_vaults_unwind,
          vaults_dpeg_doors, nicolae_vaults_variable_pillar_hall,
          nicolae_vaults_meiosis, nicolae_vaults_swerve,
          ontoclasm_vaults_ligature, nicolae_vaults_trapezoid_2, v_misc_14,
          hangedman_vaults_cutoff, vaults_room_door_ring,
          nicolae_vaults_diagonal_hallway_9, nicolae_vaults_tetromino_Z_2,
          layout_vaults_ring, serial_shops, shop
Vaults:5: serial_shops, uniq_xtahua
Crypt:1:  layout_catacombs, uniq_donald, uniq_margery
Crypt:2:  minmay_skeleton_keep, layout_gridlike
Crypt:3:  due_elkab, layout_chaotic_city, nicolae_tomb_entry_rubble_hallway
Depths:1: layout_basic, grunt_hell_entry_dis_grunt, hangedman_abyss_entry_splay,
          grunt_ministairs_7, minmay_splitting_lines, lightli_minifort
Depths:2: minmay_guarded_unrand_sceptre_of_torment, layout_honeycomb,
          enter_ziggurat_a, trog_three_pillars_becter, rand_demon_pan_entry_1,
          hell_entry, minmay_gold_behind_fungi, st_stairs_9,
          nicolae_dithmenos_shadow_blocks, infiniplex_staircase_split_hallway
Depths:3: minmay_the_grid_triangle_9x9_recursive_2_mashed
          [minmay_the_grid_triangle_9x9_prize_schism,
          minmay_the_grid_triangle_9x9_windchime,
          minmay_the_grid_triangle_9x9_negative_grid,
          minmay_the_grid_triangle_9x9_from_above], layout_gridlike,
          serial_shops, shop, shop, hell_entry, abyss_entry, serial_sigils,
          serial_sigils_hangedman_snap, serial_sigils_hangedman_gut,
          serial_sigils_hangedman_scar, serial_sigils_hangedman_gnaw,
          serial_sigils_hangedman_gut, grunt_pan_entry_in_and_out,
          nicolae_ru_path_of_blood
Depths:4: hangedman_pleasuredromes, serial_shops, hell_entry
Zot:1:    dreamdust_zin_vs_xom, layout_basic,
          regret_index_zotdec_twisting_globes,
          regret_index_zotdec_split_disrupt, uniq_grunn
Zot:2:    layout_basic
Zot:3:    layout_basic, amethyst_zot_foddershock
Zot:4:    layout_misc_corridors, uniq_parghit
Zot:5:    layout_cathedral_of_symmetry

Skill      XL: |  1  2  3  4  5  6  7  8  9 10 11 12 13 14 15 16 17 18 19 20 21 22 23 24 25 26 27 |
---------------+----------------------------------------------------------------------------------+-----
Conjurations   | 2 3 4 5 6 7 8 9 10 11 12 13 14 15 16 17 | 17.2
Spellcasting   | 5 6 7 8 9 10 11 12 13 14 15 16 17 18 19 20 | 20.5
Invocations    | 1 2 3 4 5 6 7 8 10 11 12 13 14 15 16 17 18 19 20 21 | 21.6
Fighting       | 1 2 3 5 6 7 8 9 10 11 12 13 14 15 16 17 18 20 | 20.0
Short Blades   | 1 2 3 5 6 7 8 9 10 11 12 13 14 15 16 17 18 20 | 20.0
Long Blades    | 1 2 3 5 6 7 8 9 10 11 12 13 14 15 16 17 18 20 | 20.0
Axes           | 1 2 3 5 6 7 8 9 10 11 12 13 14 15 16 17 18 20 | 20.0
Maces & Flails | 1 2 3 5 6 7 8 9 10 11 12 13 14 15 16 17 18 20 | 20.0
Polearms       | 1 2 3 5 6 7 8 9 10 11 12 13 14 15 16 17 18 20 | 20.0
Staves         | 1 2 3 5 6 7 8 9 10 11 12 13 14 15 16 17 18 20 | 20.0
Ranged Weapons | 1 2 3 5 6 7 8 9 10 11 12 13 14 15 16 17 18 20 | 20.0
Throwing       | 1 2 3 5 6 7 8 9 10 11 12 13 14 15 16 17 18 20 | 20.0
Armour         | 1 2 3 5 6 7 8 9 10 11 12 13 14 15 16 17 18 20 | 20.0
Shields        | 1 2 3 5 6 7 8 9 10 11 12 13 14 15 16 17 18 20 | 20.0
Unarmed Combat | 1 2 3 5 6 7 8 9 10 11 12 13 14 15 16 17 18 20 | 20.0
Evocations     | 1 2 3 5 6 7 8 9 10 11 12 13 14 15 16 17 18 20 | 20.0
Shapeshifting  | 1 2 3 4 5 6 7 8 9 10 11 12 13 14 15 16 17 18 | 18.5
Hexes          | 1 2 3 4 5 6 7 8 9 10 11 12 13 14 15 17 | 17.1
Summonings     | 1 2 3 4 5 6 7 8 9 10 11 12 13 14 15 17 | 17.1
Necromancy     | 1 2 3 4 5 6 7 8 9 10 11 12 13 14 15 17 | 17.1
Translocations | 1 2 3 4 5 6 7 8 9 10 11 12 13 14 15 17 | 17.1
Ice Magic      | 1 2 3 4 5 6 7 8 9 10 11 12 13 14 15 17 | 17.1
Air Magic      | 1 2 3 4 5 6 7 8 9 10 11 12 13 14 15 17 | 17.1
Earth Magic    | 1 2 3 4 5 6 7 8 9 10 11 12 13 14 15 17 | 17.1
Alchemy        | 1 2 3 4 5 6 7 8 9 10 11 12 13 14 15 17 | 17.1
Dodging        | 5 6 7 8 9 10 11 12 13 14 15 16 17 18 19 20 | 20.4
Stealth        | 5 6 7 8 9 10 11 12 13 14 15 16 17 18 20 22 | 22.4
Fire Magic     | 6 7 8 9 10 11 12 13 14 15 16 17 18 19 21 | 21.6

Action                     |  1- 3 |  4- 6 |  7- 9 | 10-12 | 13-15 | 16-18 | 19-21 | 22-24 | 25-27 || total
---------------------------+-------+-------+-------+-------+-------+-------+-------+-------+-------++-------
  Melee: Unarmed           |     4 |       |       |       |       |       |       |       |       ||     4
         Rapier            |       |    26 |    68 |     2 |       |       |       |       |       ||    96
         Bite              |       |     4 |     7 |     6 |    55 |    65 |    71 |    67 |    94 ||   369
         Punch             |       |       |     4 |       |       |       |     9 |       |       ||    13
         Great sword       |       |       |       |    76 |       |       |       |       |       ||    76
         Glaive            |       |       |       |    11 |   422 |   436 |   354 |   365 |       ||  1588
         Eveningstar       |       |       |       |       |       |       |   185 |    38 |   619 ||   842
         Staff             |       |       |       |       |       |       |       |    10 |    21 ||    31
   Fire: Sling             |    12 |       |       |       |       |       |       |       |       ||    12
         Hand cannon       |       |       |       |       |       |       |       |       |     3 ||     3
   Cast: Foxfire           |    51 |    35 |   229 |   382 |    48 |     1 |       |       |     1 ||   747
         Scorch            |       |     8 |    60 |    46 |     1 |       |       |       |       ||   115
         Volatile Blastmot |       |     7 |    19 |    25 |     2 |     5 |       |       |       ||    58
         Inner Flame       |       |       |       |    21 |    16 |       |       |       |       ||    37
         Summon Ice Beast  |       |       |       |    26 |    16 |       |       |       |       ||    42
         Brom's Barrelling |       |       |       |     7 |    16 |    10 |    11 |     4 |       ||    48
         Summon Mana Viper |       |       |       |     5 |    65 |     5 |       |       |       ||    75
         Freezing Cloud    |       |       |       |       |   151 |   158 |   110 |    46 |    15 ||   480
         Yara's Violent Un |       |       |       |       |     1 |     7 |    36 |    32 |    16 ||    92
         Bombard           |       |       |       |       |     4 |    54 |     2 |       |       ||    60
         Irradiate         |       |       |       |       |       |    55 |    30 |    43 |    21 ||   149
         Plasma Beam       |       |       |       |       |       |   182 |   158 |   361 |   240 ||   941
         Manifold Assault  |       |       |       |       |       |       |    25 |       |    67 ||    92
         Spellforged Servi |       |       |       |       |       |       |       |    46 |    41 ||    87
         Maxwell's Capacit |       |       |       |       |       |       |       |     1 |     9 ||    10
         Ignition          |       |       |       |       |       |       |       |     9 |    86 ||    95
         Sublimation of Bl |       |       |       |       |       |       |       |     1 |       ||     1
         Chain Lightning   |       |       |       |       |       |       |       |       |    16 ||    16
         Polar Vortex      |       |       |       |       |       |       |       |       |     4 ||     4
  Evoke: Wand              |       |     1 |     1 |     4 |       |     1 |     5 |     1 |     1 ||    14
         Phial of floods   |       |       |       |       |       |       |     2 |     1 |       ||     3
         Sack of spiders   |       |       |       |       |       |       |       |       |     2 ||     2
    Use: Scroll            |     5 |     2 |     9 |     3 |     7 |     9 |    18 |     6 |    12 ||    71
         Potion            |       |       |     1 |     1 |       |     1 |     3 |     4 |     5 ||    15
   Stab: Sleeping          |       |     3 |       |     2 |    14 |     4 |    14 |     5 |     2 ||    44
         Distracted        |       |       |     1 |       |     8 |     3 |     3 |     7 |    30 ||    52
         Petrified         |       |       |       |       |     2 |       |       |       |       ||     2
 Armour: Robe              |     4 |    24 |    20 |       |       |     5 |    10 |    17 |    22 ||   102
         Leather armour    |       |       |    54 |    30 |       |       |       |       |       ||    84
         Acid dragon scale |       |       |       |    66 |       |       |       |       |       ||    66
         Steam dragon scal |       |       |       |    13 |   222 |   436 |   311 |   317 |    78 ||  1377
         Skin              |       |       |       |       |       |       |       |     2 |   259 ||   261
  Dodge: Dodged            |    10 |    32 |   120 |   187 |   402 |   651 |   397 |   391 |   420 ||  2610
  Block: Other             |       |       |       |       |    28 |   125 |    56 |    75 |       ||   284
         Reflection        |       |       |       |       |     8 |     3 |    21 |     8 |    10 ||    50
         Buckler           |       |       |       |       |       |       |    32 |       |       ||    32
         Kite shield       |       |       |       |       |       |       |       |    65 |   491 ||   556
         Form:             |     1 |       |       |       |       |       |       |     1 |       ||     2
         Beast             |     1 |       |       |       |       |       |       |       |       ||     1
         Statue            |       |       |       |       |       |       |       |     1 |     1 ||     2

Table legend: (Time is in decaauts)
 A = Elapsed time spent in this place.
 B = Non-inter-level travel time spent in this place.
 C = Inter-level travel time spent in this place.
 D = Time resting spent in this place.
 E = Time spent auto-exploring this place.
 F = Levels seen in this place.
 G = Mean time per level.
                   A        B        C        D        E       F      G
               +--------+--------+--------+--------+--------+-----+--------+
         Total |  88677 |  81828 |   6849 |   3156 |  64348 |  57 | 1555.7 |
       Dungeon |  21561 |  18463 |   3098 |    590 |  14745 |  15 | 1437.4 |
          Lair |   9011 |   8123 |    888 |    249 |   6140 |   5 | 1802.2 |
         Swamp |   5998 |   5831 |    167 |    462 |   4494 |   4 | 1499.5 |
   Spider Nest |   5707 |   5551 |    156 |    285 |   4332 |   4 | 1426.8 |
    Slime Pits |   2971 |   2902 |     69 |     46 |   2304 |   5 |  594.2 |
  Orcish Mines |   3253 |   3008 |    245 |    172 |   2316 |   2 | 1626.5 |
   Elven Halls |   6483 |   6159 |    324 |    184 |   4862 |   3 | 2161.0 |
        Vaults |   9212 |   8598 |    614 |    320 |   6850 |   5 | 1842.4 |
         Crypt |   5005 |   4772 |    233 |     80 |   3759 |   3 | 1668.3 |
        Depths |  11088 |  10378 |    710 |    271 |   8626 |   4 | 2772.0 |
           Zot |   7435 |   7095 |    340 |    417 |   5427 |   5 | 1487.0 |
         Abyss |    581 |    581 |      0 |      5 |    305 |   1 |  581.0 |
         Sewer |    366 |    366 |      0 |     75 |    185 |   1 |  366.0 |
               +--------+--------+--------+--------+--------+-----+--------+

Top non-repeatable levels by time:
Depths:3: 3899 daAuts
Spider:3: 2825 daAuts
Depths:1: 2593 daAuts
   Elf:3: 2479 daAuts
Depths:2: 2420 daAuts
     D:8: 2364 daAuts
 Swamp:3: 2236 daAuts
Vaults:2: 2212 daAuts
Depths:4: 2174 daAuts
     D:9: 2158 daAuts
   Elf:1: 2059 daAuts
Vaults:5: 2041 daAuts
   Orc:2: 1974 daAuts
 Crypt:3: 1970 daAuts
   Elf:2: 1944 daAuts
